 Seeded DCSS version 0.29.1-12-g30fa7ad0bf (webtiles) character file.

Game seed: 18334199546629406935 (custom seed)

27 mathmaestro the Grave Robber (level 2, -6/20 HPs)
             Began as a Demonspawn Necromancer on Jan 7, 2023.
             Mangled by a gnoll
             ... wielding a +4 flail of protection
              (8 damage)
             ... on level 2 of the Dungeon.
             The game lasted 00:02:25 (1506 turns).

mathmaestro the Grave Robber (DsNe)                 Turns: 1506, Time: 00:02:26

Health: -6/20      AC:  4    Str: 14    XL:     2   Next: 93%
Magic:  1/5        EV: 12    Int: 16    God:
Gold:   51         SH:  0    Dex: 13    Spells: 4/5 levels left

rFire   . . .      SeeInvis .   i - +4 whip
rCold   . . .      Faith    .   (no shield)
rNeg    . . .      Spirit   .   a - +0 robe
rPois   .          Reflect  .   (no helmet)
rElec   .          Harm     .   (no cloak)
rCorr   .          Rampage  .   l - +0 pair of gloves
Will    .....                   (no boots)
Stlth   ++........              (no amulet)
HPRegen 0.06/turn               k - +6 ring of strength
MPRegen 0.09/turn               m - ring of flight

@: flying
A: rugged brown scales 1
a: no special abilities


You were on level 2 of the Dungeon.
You visited 1 branch of the dungeon, and saw 2 of its levels.

You collected 51 gold pieces.

Inventory:

Hand Weapons
 i - a +4 whip (weapon)
Armour
 a - a +0 robe (worn)
 l - a +0 pair of gloves (worn)
Jewellery
 k - a +6 ring of strength (left hand)
 m - a ring of flight (right hand)
Scrolls
 e - 2 scrolls of identify {unknown}
 f - a scroll of immolation {unknown}
 g - 2 scrolls of teleportation {unknown}
 n - a scroll of magic mapping {unknown}
 o - a scroll of poison {unknown}
Potions
 b - a potion of magic
 c - a potion of curing {unknown}
 d - 2 potions of might {unknown}
 h - a potion of attraction {unknown}
 j - a potion of haste {unknown}
 p - a potion of flight {unknown}


   Skills:
 + Level 0.9 Fighting
 + Level 2.1 Dodging
 + Level 2.1 Stealth
 + Level 2.3 Spellcasting
 + Level 4.6 Necromancy


You had 4 spell levels left.
You knew the following spells:

 Your Spells              Type           Power      Damage    Failure   Level
a - Necrotise             Necr           64%        1d7       3%          1

Your spell library contained the following spells:

 Spells                   Type           Power      Damage    Failure   Level
 Vampiric Draining        Necr           16%        2d7       9%          3
 Slow                     Hex            4%         N/A       21%         1
 Animate Dead             Necr           16%        N/A       30%         4
 Confusing Touch          Hex            1%         N/A       52%         3
 Agony                    Necr           16%        N/A       63%         5


Dungeon Overview and Level Annotations

Branches:
Dungeon (2/15)

Altars:


Innate Abilities, Weirdness & Mutations

You are partially covered in rugged brown scales. (AC +1, +3% HP)


Message History

The gnoll barely resists.
A hobgoblin comes into view.
Casting: Necrotise (safe; 3% risk of failure)
Confirm with . or Enter, or press ? or * to list all spells.
Aiming: Necrotise (safe; 3% risk of failure)
Press: ? - help, Shift-Dir - straight line, f/p - gnoll
Aim: a gnoll, wielding a +4 flail of protection (chance to affect: 80%)
The hobgoblin writhes in agony.
Casting: Necrotise (safe; 3% risk of failure)
Confirm with . or Enter, or press ? or * to list all spells.
Aiming: Necrotise (safe; 3% risk of failure)
Press: ? - help, Shift-Dir - straight line, f/p - gnoll
Aim: a gnoll, wielding a +4 flail of protection (chance to affect: 80%)
The hobgoblin writhes in agony.
You kill the hobgoblin!
The dead are walking!
A gnoll comes into view. It is wielding a +0 flail.
You swap places.
The gnoll attacks as you move away!
The gnoll hits you with a +4 flail of protection.
Your hobgoblin skeleton barely misses the gnoll.
The gnoll attacks as you move away!
The gnoll hits you with a +4 flail of protection!
Casting: Necrotise (safe; 3% risk of failure)
Confirm with . or Enter, or press ? or * to list all spells.
Aiming: Necrotise (safe; 3% risk of failure)
Press: ? - help, Shift-Dir - straight line, f/p - gnoll
Aim: a gnoll, wielding a +4 flail of protection (ally target, chance to affect: 80%)
The gnoll barely resists.
The gnoll hits your hobgoblin skeleton with a +0 halberd!
Your hobgoblin skeleton is destroyed!
The gnoll closely misses you. The gnoll attacks as you move away!
The gnoll hits you with a +4 flail of protection!
* * * LOW HITPOINT WARNING * * *
A rat comes into view.
Found a lumpy brown potion.
The gnoll attacks as you move away!
The gnoll hits you with a +4 flail of protection!
You die...

##..### #..g.#
################
##.#.#
#...............
#.#g#
#[#######.######
#.#g####.# #.#
#.#...##.# #.#
#.###..#.# #.#
#.....g..# #.#
######@### #)#
#........# #.#
#r......<..# #.#
#########.## #.#
..... #.#
###.######.#
...........#
###.....####
#.....#


You could see 3 gnolls and a rat (wandering).

Vanquished Creatures
  3 bats (D:1)
  3 endoplasms
  A giant cockroach (D:1)
  3 hobgoblins
  2 quokkas
  5 ball pythons
  3 kobolds
  4 rats
24 creatures vanquished.

Vanquished Creatures (collateral kills)
  A kobold (D:1)
1 creature vanquished.

Grand Total: 25 creatures vanquished

Notes
Turn   | Place    | Note
-------+----------+-------------------------------------------
     0 | D:1      | mathmaestro the Demonspawn Necromancer began the quest for
                  | the Orb.
     0 | D:1      | Reached XP level 1. HP: 13/13 MP: 3/3
   312 | D:1      | Gained mutation: You are partially covered in rugged brown
                  | scales. (AC +1, +3% HP) [demonic ancestry]
   312 | D:1      | Reached XP level 2. HP: 11/20 MP: 0/5
  1506 | D:2      | Mangled by a gnoll

Illustrated notes

Levels and vault maps discovered:
D:1:      shiori_shiawase, layout_loops_ring, st_stairs_7
D:2:      layout_basic, minmay_large_rounded_square

Skill      XL: |  1  2 |
---------------+-------+-----
Stealth        | 2 |  2.1
Dodging        | 2 |  2.1
Fighting       | |  0.9
Spellcasting   | |  2.3
Necromancy     | |  4.6

Action                   || total
-------------------------++-------
Melee: Whip              ||    10
 Cast: Necrotise         ||    40
Armor: Robe              ||     6
Dodge: Dodged            ||    13
